 Dungeon Crawl Stone Soup version 0.23-a0-642-g3120c2f (webtiles) character file.

337 Borgoz the Skirmisher (level 6, 0/52 (53) HPs)
             Began as a Ghoul Abyssal Knight on Dec 30, 2018.
             Was a Priest of Lugonu.
             Slain by Pikel
             ... wielding a +1 whip of flaming
              (3 damage)
             ... on level 4 of the Dungeon.
             The game lasted 00:05:22 (2610 turns).

Borgoz the Skirmisher (Ghoul Abyssal Knight)        Turns: 2610, Time: 00:05:23

HP:   0/52 (53)     AC:  4    Str: 16    XL:     6   Next: 54%
MP:   7/7           EV: 12    Int:  7    God:    Lugonu [***...]
Gold: 120           SH:  0    Dex: 10    Spells: 5/5 levels left

rFire    . . .     SeeInvis .     - Unarmed
rCold    + . .     Gourm    .   (no shield)
rNeg     + + +     Faith    .   a - +1 leather armour
rPois    ∞         Spirit   .   (no helmet)
rElec    .         Reflect  .   (no cloak)
rCorr    .         Harm     .   (no gloves)
MR       .....                  (no boots)
Stlth    +.........             (no amulet)
HPRegen  0.00/turn              (no ring)
MPRegen  0.10/turn              (no ring)

@: rotting
A: rotting body, claws 1, carnivore, cold resistance 1, negative energy
resistance 3, inhibited regeneration, torment resistance, unbreathing
a: Depart the Abyss, Bend Space, Banish, Renounce Religion


You were on level 4 of the Dungeon.
You worshipped Lugonu.
Lugonu was most pleased with you.
You were not hungry.

You visited 1 branch of the dungeon, and saw 5 of its levels.
You visited the Abyss 1 time.

You collected 120 gold pieces.

Inventory:

Armour
 a - a +1 leather armour (worn)
Jewellery
 d - a +2 amulet of reflection {unknown}
Scrolls
 e - a scroll of identify {unknown}
 f - a scroll of magic mapping {unknown}
 g - a scroll of enchant weapon
 h - a scroll of random uselessness {unknown}
Comestibles
 b - 2 rations


   Skills:
 + Level 4.5 Fighting
 + Level 3.1 Armour
 + Level 2.5 Dodging
 + Level 3.8 Unarmed Combat
 + Level 3.6 Invocations


You had 5 spell levels left.
You didn't know any spells.
Your spell library contained the following spells:

 Spells                   Type           Power        Failure   Level  Hunger
 Magic Dart               Conj           #...         50%         1    ##.....
 Blink                    Tloc           N/A          63%         2    ###....
 Call Imp                 Summ           #.......     63%         2    ###....
 Slow                     Hex            #.......     63%         2    ###....
 Conjure Flame            Conj/Fire      #.......     86%         3    ####...
 Mephitic Cloud           Conj/Pois/Air  #.......     86%         3    ####...


Dungeon Overview and Level Annotations

Branches:
Dungeon (5/15)
 Temple: D:4-7

Altars:
Ru

Annotations:
D:4 Pikel
D:5 Dowan, Duvessa


Innate Abilities, Weirdness & Mutations

Your body is rotting away.
You thrive on raw meat.
You are immune to poison.
You have sharp fingernails.
You are carnivorous and can eat meat at any time.
Your flesh is cold resistant. (rC+)
You are immune to negative energy. (rN+++)
You do not regenerate when monsters are visible.
You are immune to unholy pain and torment.
You can survive without breathing.


Message History

* * * LOW HITPOINT WARNING * * *
You scratch Pikel but do no damage.
Pikel is severely wounded.
The worker ant waves its antennae.
Pikel hits you with a +1 whip of flaming.
* * * LOW HITPOINT WARNING * * *
Pikel burns you.
* * * LOW HITPOINT WARNING * * *
You claw Pikel!
Pikel is almost dead.
Pikel misses you.
You closely miss Pikel.
Pikel is almost dead.
Pikel completely misses you.
You closely miss Pikel.
Pikel is almost dead.
Pikel hits you with a +1 whip of flaming.
* * * LOW HITPOINT WARNING * * *
Pikel burns you.
You die...

[........##### .# #
..######.....# ##.# ##.#
..##.....###<###..##...
..##.###.# #.........#
..##.###.###.#.....##
.............##...####.#
.........#######.......#
####.##### #.####### #.#
#@# #.# #K# #.#####


ppl #.....# plpZ. ###.#.# ...a... #####....###......... .......[...+.........+
#####....###.........# ##.#.# You could see Pikel, 4 slaves, a worker ant, a
leopard gecko, a frilled lizard and a quokka skeleton.

Vanquished Creatures
  A black bear (D:2)
  A centaur skeleton (D:4)
  2 worker ants
  4 gnolls
  4 adders
  A worm (D:2)
  5 dart slugs
  3 leopard geckos
  2 orcs (D:3)
  6 bats
  5 giant cockroaches
  6 goblins
  10 hobgoblins
  10 jackals
  A quokka (D:3)
  A ball python (D:3)
  5 frilled lizards
  10 kobolds
  7 rats
84 creatures vanquished.

Notes
Turn   | Place    | Note
-------+----------+-------------------------------------------
     0 | Abyss:1  | Borgoz the Ghoul Abyssal Knight began the quest for the
                  | Orb.
     0 | Abyss:1  | Reached XP level 1. HP: 19/19 MP: 1/1
    37 | Abyss:1  | Noticed a large abomination
    38 | D:1      | Escaped the Abyss
    70 | D:1      | Reached skill level 1 in Dodging
   171 | D:1      | Reached * piety under Lugonu
   171 | D:1      | Reached XP level 2. HP: 20/25 MP: 2/2
   468 | D:1      | Reached XP level 3. HP: 25/31 MP: 3/3
   854 | D:2      | Noticed a black bear
   967 | D:2      | Found a sacrificial altar of Ru.
  1062 | D:2      | Reached XP level 4. HP: 39/39 MP: 4/4
  1093 | D:2      | Reached ** piety under Lugonu
  1418 | D:3      | Reached skill level 4 in Fighting
  1457 | D:3      | Reached XP level 5. HP: 40/46 MP: 6/6
  1907 | D:2      | Killed a black bear
  1907 | D:2      | Reached *** piety under Lugonu
  1907 | D:2      | Reached XP level 6. HP: 31/53 MP: 7/7
  2233 | D:5      | Entered Level 5 of the Dungeon
  2408 | D:5      | Noticed Duvessa
  2408 | D:5      | Noticed Dowan
  2595 | D:4      | Noticed Pikel
  2595 | D:4      | Noticed a slave
  2595 | D:4      | Noticed a slave
  2595 | D:4      | Noticed a slave
  2595 | D:4      | Noticed a slave
  2610 | D:4      | Slain by Pikel

Vault maps used:
D:1:      lemuel_arrival_funnel
D:2:      nicolae_ru_awakened_eye
D:4:      first_ration, serial_shops, shop, uniq_pikel
D:5:      dancing_weapons_uskayaw, okawaru_gym_becter, minmay_temple_entry_hall,
          serial_shops, shop, minmay_misc_feat_roman, uniq_duvessa

Skill      XL: |  1  2  3  4  5  6 |
---------------+-------------------+-----
Dodging        | 1 2 |  2.5
Armour         | 2 3 |  3.1
Unarmed Combat | 3 |  3.8
Fighting       | 4 |  4.5
Invocations    | 3 |  3.6

Action                   |  1- 3 |  4- 6 || total
-------------------------+-------+-------++-------
Melee: Unarmed           |   146 |   215 ||   361
       Punch             |       |     2 ||     2
Invok: Depart the Abyss  |     1 |       ||     1
  Use: Scroll            |     2 |       ||     2
       Potion            |     1 |     1 ||     2
  Eat: Chunk             |    24 |    24 ||    48
Armor: Leather armour    |    56 |    44 ||   100
Dodge: Dodged            |   101 |   118 ||   219

Table legend:
 A = Non-vault XP
 B = Vault XP
 C = Vault XP percentage of total XP
 D = Non-vault monster count
 E = Vault monster count
 F = Vault count percentage of total count
                 A         B        C        D         E       F
            +---------+---------+-------+---------+---------+-------
      Total |     482 |       0 |   0.0 |      84 |       0 |   0.0
            +---------+---------+-------+---------+---------+-------
        D:1 |      52 |       0 |   0.0 |      23 |       0 |   0.0
        D:2 |     204 |       0 |   0.0 |      23 |       0 |   0.0
        D:3 |     107 |       0 |   0.0 |      29 |       0 |   0.0
        D:4 |      86 |       0 |   0.0 |       8 |       0 |   0.0
        D:5 |      33 |       0 |   0.0 |       1 |       0 |   0.0
            +---------+---------+-------+---------+---------+-------
